Unix NetHack Version 5.0.0-0 post-release - last build May  4 2026 22:22:43 (774f63e81ad911689b3a0859ea89b322d5daca8d,branch:main).

Game began 2026-05-06 20:50:31, ended 2026-05-06 21:10:07.

DaveT, lawful male human Priest

             ----
             |..|                                           ----       ----
             |..---                                        --..|      --..|
             |....|                                        |...---  ---...|
             ----.|                                        --....| --....--
           ---  |.|            ------                  ------....| |.....|
   ----   #|.-- |.|           --.|..|                 --.--......---.....----
  --..-----##.---.----###--#---.....---               |>..............--....--
  |...................................|               --.........--..........|
 --....---###..--..--######-------....|   ------       |.........|-----......|
 |.......--..)----...####        |....| ---.|..|       |...--..---    |......|
 |......).....--......## `------ ---..#@#......--      |.......|      --^...*|
 ---..(..............`##`##....--  ------.......|      |.---..)|   --- ----..|
   |............)%....[--#-.....---    |........|      |.||....----|.--   |..|
   |-.....)....)..................-----|......`-|  -----.--.......--..--- |..--
   |......*.--#........###.............|........-- |....................----..|
   --.|.)...#--..[.<......^.......#---.....).....---.--......---.........| ----
    ----..##-|..............---...|   -....|.........||......--|.........--
       ---#  |.......---.|..| |...|   --------...--..|---.....||..........|
             ---.----- ------ -----          |..- ----  |..|..|--..--.--.--
                                             ----       ------- ----------
DaveT the Adept              St:14 Dx:14 Co:11 In:8 Wi:17 Ch:11  Lawful
Dlvl:5  $:0  HP:0(41) Pw:63(63) AC:2  Xp:6 T:3360  Burdened Blind

Latest messages:
 You stop digging.
 The dingo misses!
 The dingo bites!
 The dingo misses!
 You continue digging.
 You hit the rock with all your might.
 You stop digging.
 The dingo misses!
 What do you want to wield? [- aivHUW or ?*] a
 a - a blessed +5 mace (weapon in right hand).
 The dingo bites!
 You miss the dingo.
 The dingo bites!
 The dingo misses!
 The dingo bites!
 You hit the dingo!
 The dingo bites!
 You hit the dingo!
 The dingo misses!
 You miss the dingo.
 The dingo bites!
 The dingo bites!
 You kill the dingo!
 What do you want to use or apply? [knpCFTV-X or ?*] W
 You now wield a pick-axe.
 In what direction do you want to dig? [ykulnjb>] l
 You continue digging.
 You hit the rock with all your might.
 You make an opening in the wall.
 You begin bashing monsters with your pick-axe.
 You miss the yellow light.
 The yellow light explodes!
 You are blinded by a blast of light!
 It misses!
 It hits!
 It hits!
 What do you want to wield? [- aivHUW or ?*] a
 a - a blessed +5 mace (weapon in right hand).
 It hits!
 What do you want to zap? [pV or ?*] p
 In what direction? l
 The wand hits it.
 It hits!
 What do you want to zap? [pV or ?*] p
 In what direction? l
 The wand hits it!
 It hits!
 You die...
 Do you want your possessions identified? [ynq] (y) y
 Do you want to see your attributes? [ynq] (y) q

Inventory:
 Weapons  (')')
  i - 23 +0 darts
  v - 10 +0 daggers
  U - a +0 aklys
  a - a blessed +5 mace (weapon in right hand)
  H - a blessed +2 scimitar
 Armor    ('[')
  c - a +0 small shield (being worn)
  j - a +0 mummy wrapping
  b - a +0 robe (being worn)
  u - a +0 elven mithril-coat (being worn)
 Comestibles  ('%')
  e - a clove of garlic
  w - a food ration
  Z - a fortune cookie
  f - a sprig of wolfsbane
 Scrolls  ('?')
  B - 2 scrolls of create monster
  d - a cursed scroll of create monster
  D - 2 blessed scrolls of identify
  s - a cursed scroll of identify
  R - a scroll of light
  q - a scroll of remove curse
  o - a scroll of taming
  x - a scroll of teleportation
 Spellbooks  ('+')
  F - a spellbook of teleport away
 Potions  ('!')
  S - a potion of blindness
  C - a cursed potion of oil
 Wands    ('/')
  V - a wand of magic missile (0:7)
  p - a wand of striking (0:3)
 Tools    ('(')
  n - a sack containing 5 items
  k - a tooled horn
  X - a bell
  W - a +0 pick-axe
 Gems/Stones  ('*')
  Y - a worthless piece of green glass
  T - a touchstone

Contents of the sack:
  148 gold pieces
  a blessed spellbook of protection
  a potion of healing
  a leash
  a tin whistle

DaveT the Priest's attributes:

Background:
 You were an Adept, a level 6 human Priest.
 You were lawful, on a mission for Shan Lai Ching
 who was opposed by Chih Sung-tzu (neutral) and Huan Ti (chaotic).
 You were right-handed.
 You were in the Gnomish Mines, on level 5.
 You entered the dungeon 3360 turns ago.
 You had 425 experience points, 215 more were needed to attain level 7.

Basics:
 You had 0 out of 41 hit points.
 You had all 63 energy points (spell power).
 Your armor class was 2.
 Your wallet was empty, but
 you had 148 zorkmids stashed away in your pack.
 Autopickup was off.

Final Characteristics:
 Your strength was 14 (limit:18/100).
 Your dexterity was 14 (limit:18).
 Your constitution was 11 (limit:18).
 Your intelligence was 8 (limit:18).
 Your wisdom was 17 (peak:18, limit:18).
 Your charisma was 11 (limit:18).

Final Status:
 You were temporarily blind.
 You weren't hungry.
 You were burdened; movement was slightly slowed.
 You were wielding a mace.
 You had basic skill with mace and could have enhanced that.

Final Attributes:
 You were piously aligned.
 You were guarded.
 Your spell casting was impaired by metallic armor, mitigated by your robe.
 You are dead.

Miscellaneous:
 You didn't encounter any bones levels.
 Total elapsed playing time was 19 minutes and 35 seconds.

Major events:
 Turn
    1: DaveT the lawful human Priest entered the dungeon
  853: attained the rank of Acolyte (level 3)
 1266: entered the Gnomish Mines
 2541: attained the rank of Adept (level 6)
 3360: killed by a hill orc

Spells:
 Name                 Level Category     Fail Retention
 protection             1   clerical      35%   81%-90%
 cure sickness          3   healing       98%  76%-100%

Skills:
 Fighting Skills
   bare handed combat [Unskilled]
 Weapon Skills
   club               [Unskilled]
   mace               [Basic]
   morning star       [Unskilled]
   flail              [Unskilled]
   hammer             [Unskilled]
   quarterstaff       [Unskilled]
   polearms           [Unskilled]
   spear              [Unskilled]
   trident            [Unskilled]
   lance              [Unskilled]
   bow                [Unskilled]
   sling              [Unskilled]
   crossbow           [Unskilled]
   dart               [Unskilled]
   shuriken           [Unskilled]
   boomerang          [Unskilled]
   unicorn horn       [Unskilled]
 Spellcasting Skills
   healing spells     [Unskilled]
   divination spells  [Unskilled]
   clerical spells    [Basic]

Voluntary challenges:
 Character rerolling was not enabled.
 You never genocided any monsters.
 You never polymorphed an object.
 You never changed form.
 You used no wishes.
Achievements:
 You attained the rank of Acolyte.
 You entered the Gnomish Mines.
 You entered a shop.
 You attained the rank of Adept.

 The Dungeons of Doom: levels 1 to 4
    Level 1:
       A grave.
    Level 2:
       A fountain.
    Level 3:
       A scroll shop, a fountain, a sink, a grave.
       Stairs down to The Gnomish Mines.
    Level 4:
 The Gnomish Mines: levels 4 to 6
    Level 4:
    Level 5: <- You were here.
       Final resting place for
          you, killed by a hill orc.
    Level 6:


Vanquished creatures:
  a dingo
  2 gnome mummies
  a rock piercer
  a fog cloud
  a yellow light
  a shrieker
  a violet fungus
  2 gnome leaders
  a gnomish wizard
  a giant ant
  a little dog
  2 dwarves
  a rothe
  a giant bat
 an iguana
  2 hobbits
  2 hobgoblins
  2 giant rats
 18 gnomes
  a gecko
  6 jackals
  3 kobolds
  2 goblins
  3 sewer rats
  2 grid bugs
  5 lichens
  a kobold zombie
  8 newts
73 creatures vanquished.

No species were genocided or became extinct.

Game over:
                       ----------
                      /          \
                     /    REST    \
                    /      IN      \
                   /     PEACE      \
                  /                  \
                  |      DaveT       |
                  |      148 Au      |
                  | killed by a hill |
                  |       orc        |
                  |                  |
                  |                  |
                  |       2026       |
                 *|     *  *  *      | *
        _________)/\\_//(\/(/\)/\//\/|_)_______

Goodbye DaveT the Priest...

You died in The Gnomish Mines on dungeon level 5 with 2114 points,
and 148 pieces of gold, after 3360 moves.
You were level 6 with a maximum of 41 hit points when you died.

